 Dungeon Crawl Stone Soup version 0.30-a0-691-g754fce4c43 (webtiles) character file.

Game seed: 9172168264585475563

1332 Newt the Chopper (level 8, -11/60 HPs)
             Began as a Demonspawn Gladiator on Jan 19, 2023.
             Was a Follower of Makhleb.
             Killed from afar by Maggie (24 damage)
             ... with a bolt of fire
             ... on level 6 of the Dungeon.
             The game lasted 00:05:51 (4875 turns).

Newt the Chopper (Demonspawn Gladiator)             Turns: 4875, Time: 00:05:51

Health: -11/60     AC:  8    Str: 16    XL:     8   Next: 34%
Magic:  0/8        EV: 13    Int:  9    God:    Makhleb [*.....]
Gold:   175        SH:  0    Dex: 16    Spells: 7/7 levels left

rFire   . . .      SeeInvis .    r - +1 hand axe (elec)
rCold   . . .      Faith    .    (no shield)
rNeg    + . .      Spirit   +    b - +0 leather armour
rPois   .          Reflect  .    c - +0 helmet
rElec   .          Harm     .    t - +1 cloak
rCorr   .          Rampage  .    (no gloves)
Will    .....                    (no boots)
Stlth   ++                       p - amulet of guardian spirit
HPRegen 0.30/turn                j - ring of positive energy
MPRegen 0.22/turn                (no ring)

@: mesmerised
A: claws 2, yellow scales 1, magic regeneration, condensation shield
a: Renounce Religion


You were on level 6 of the Dungeon.
You worshipped Makhleb.
Makhleb was aware of your devotion.
You visited 1 branch of the dungeon, and saw 6 of its levels.

You collected 295 gold pieces.
You spent 120 gold pieces at shops.

Inventory:

Hand Weapons
 a - a +1 heavy rapier
 r - a +1 hand axe of electrocution (weapon)
Missiles
 e - a javelin (quivered)
 s - 3 poisoned darts
Armour
 b - a +0 leather armour (worn)
 c - a +0 helmet (worn)
 t - a +1 cloak (worn)
Jewellery
 j - a ring of positive energy (left claw)
 p - an amulet of guardian spirit (around neck)
Wands
 f - a wand of paralysis (14)
Scrolls
 o - a scroll of teleportation
 u - a scroll of identify
Potions
 g - 2 potions of degeneration
 h - a potion of lignification
 i - a potion of haste
 k - a potion of cancellation
 m - a potion of magic
 n - 2 potions of might
 q - 2 potions of curing
 v - a potion of brilliance


   Skills:
 - Level 4.0 Fighting
 - Level 4.0 Short Blades
 - Level 6.0 Axes
 - Level 1.7 Throwing
 + Level 3.2 Armour
 - Level 4.0 Dodging
 - Level 3.0 Stealth


You had 7 spell levels left.
You didn't know any spells.
Your spell library contained the following spells:

 Spells                   Type           Power      Damage    Failure   Level
 Shock                    Conj/Air       0%         1d3       43%         1
 Blink                    Tloc           0%         N/A       58%         2
 Call Canine Familiar     Summ           0%         N/A       82%         3
 Portal Projectile        Hex/Tloc       0%         N/A       82%         3
 Swiftness                Air            0%         N/A       82%         3
 Airstrike                Air            0%         2d(0-16)  99%         4
 Leda's Liquefaction      Hex/Erth       0%         N/A       99%         4
 Manifold Assault         Tloc           0%         N/A       99%         4
 Storm Form               Tmut/Air       0%         N/A       100%        7


Dungeon Overview and Level Annotations

Branches:
Dungeon (6/15)             Temple (0/1) D:4

Altars:
Hepliaklqana
Makhleb
Yredelemnul

Shops:
D:2 [   D:5 ?

Annotations:
D:6 Maggie


Innate Abilities, Weirdness & Mutations

You have very sharp fingernails.
You are partially covered in yellow scales. (AC +2)
You regenerate magic rapidly.
A meltable shield of frost defends you. (SH +0)


Message History

You hit the phantom but do no damage. Lightning courses through the phantom!
You destroy the phantom!
Makhleb accepts your kill.
Your Armour skill increases to level 3!
Maggie closely misses you.
You hit Maggie.
Maggie is lightly wounded.
Maggie mumbles some strange words.
Maggie attempts to bespell you!
You are mesmerised by Maggie!
You closely miss Maggie.
Maggie is lightly wounded.
Maggie hits you with a +0 glaive!
You hit Maggie but do no damage.
Maggie is lightly wounded.
Maggie hits you with a +0 glaive!
You hit Maggie.
Maggie is lightly wounded.
Maggie casts a spell at you. The bolt of fire hits you!
Your condensation shield dissipates!
You barely miss Maggie.
Maggie is lightly wounded.
Maggie gestures wildly while chanting.
Maggie draws you further into her thrall.
You closely miss Maggie.
Maggie is lightly wounded.
Maggie hits you with a +0 glaive!
Unknown command.
You hit Maggie.
Maggie is lightly wounded.
Maggie hits you with a +0 glaive!
* * * LOW HITPOINT WARNING * * *
Throw: throwing net
Press: ? - help, Q - select action, (/) - cycle Shift-Dir - straight line, f - Maggie
Aim: Maggie, wielding a +0 glaive and wearing +0 acid dragon scales (lightly wounded, mesmerising, 62% to hit)
You throw a throwing net. The throwing net barely misses Maggie.
Maggie gestures at you while chanting. The bolt of fire hits you!!
You die...

#.##.## .#
#.#...#######.####.#
#..............(!#.#
###...####.........#
##.## #.#.......###
#.# #.#......... #.#
#......$... # #.#
#..#.#.@.##.### #..
.......@....... ##
#..##.#......... #..
#.....###.## ###..##
#... #.### #. ##


You could see Maggie (mesmerising).

Vanquished Creatures
  Grinder (D:5)
  Sigmund (D:5)
  Edmund (D:6)
  An ogre (D:5)
  A phantom (D:6)
  A gnoll sergeant (D:5)
  2 scorpions (D:5)
  A jelly (D:5)
  Crazy Yiuf (D:6)
  2 orc priests
  A hound (D:4)
  3 iguanas
  3 iron imps (D:3)
  Jessica (D:2)
  An orc wizard (D:5)
  5 gnolls
  3 adders
  An ufetubus (D:5)
  4 dart slugs
  6 orcs
  10 endoplasms
  4 giant cockroaches
  6 goblins
  2 hobgoblins
  5 jackals (D:5)
  3 kobolds
  5 quokkas
  7 ball pythons
  5 bats
  3 frilled lizards
  6 rats
  A spectral orc (D:5)
97 creatures vanquished.

Vanquished Creatures (collateral kills)
  A goblin (D:2)
  A ball python (D:2)
2 creatures vanquished.

Grand Total: 99 creatures vanquished

Notes
Turn   | Place    | Note
-------+----------+-------------------------------------------
     0 | D:1      | Newt the Demonspawn Gladiator began the quest for the Orb.
     0 | D:1      | Reached XP level 1. HP: 16/16 MP: 1/1
    65 | D:1      | Reached skill level 1 in Stealth
   151 | D:1      | Gained mutation: You are partially covered in yellow
                  | scales. (AC +2) [demonic ancestry]
   151 | D:1      | Reached XP level 2. HP: 19/22 MP: 2/2
   639 | D:2      | Gained mutation: You regenerate magic rapidly. [demonic
                  | ancestry]
   639 | D:2      | Reached XP level 3. HP: 27/27 MP: 3/3
   669 | D:2      | Noticed Jessica
   681 | D:2      | Killed Jessica
   909 | D:2      | Found Soilor's Armour Shoppe.
   913 | D:2      | Reached XP level 4. HP: 16/35 MP: 4/4
   920 | D:2      | HP: 1/35 [gnoll/+0 flail (8)]
  1873 | D:3      | Found a burning altar of Makhleb.
  1887 | D:3      | Gained mutation: A meltable shield of frost defends you.
                  | (SH +0) [demonic ancestry]
  1887 | D:3      | Reached XP level 5. HP: 32/42 MP: 5/5
  1912 | D:3      | Became a worshipper of Makhleb the Destroyer
  2027 | D:3      | Found a hazy altar of Hepliaklqana.
  2730 | D:4      | Gained mutation: You have sharp fingernails. [demonic
                  | ancestry]
  2730 | D:4      | Reached XP level 6. HP: 39/48 MP: 4/6
  2997 | D:4      | Found a staircase to the Ecumenical Temple.
  3110 | D:5      | Entered Level 5 of the Dungeon
  3130 | D:5      | Noticed Grinder
  3131 | D:5      | Paralysed by Grinder for 5 turns
  3144 | D:5      | Killed Grinder
  3145 | D:5      | Reached skill level 2 in Axes
  3145 | D:5      | Reached XP level 7. HP: 41/54 MP: 5/7
  3230 | D:5      | Reached skill level 3 in Axes
  3380 | D:5      | Reached * piety under Makhleb
  3381 | D:5      | Reached skill level 4 in Axes
  3509 | D:5      | Noticed Sigmund
  3538 | D:5      | Killed Sigmund
  3539 | D:5      | Reached skill level 5 in Axes
  3847 | D:5      | Found a basalt altar of Yredelemnul.
  4115 | D:5      | Found Alamm's Magic Scroll Shoppe.
  4123 | D:5      | Bought a scroll of identify for 30 gold pieces
  4123 | D:5      | Bought a scroll of identify for 30 gold pieces
  4123 | D:5      | Bought a scroll of identify for 30 gold pieces
  4123 | D:5      | Bought a scroll of identify for 30 gold pieces
  4182 | D:5      | Gained mutation: You have very sharp fingernails. [demonic
                  | ancestry]
  4182 | D:5      | Reached XP level 8. HP: 21/60 MP: 4/8
  4326 | D:5      | Reached skill level 6 in Axes
  4486 | D:6      | Reached skill level 1 in Armour
  4548 | D:6      | Noticed Edmund
  4564 | D:6      | Killed Edmund
  4687 | D:6      | Found a runed translucent door.
  4688 | D:6      | Noticed Crazy Yiuf
  4696 | D:6      | Killed Crazy Yiuf
  4856 | D:6      | Noticed Maggie
  4875 | D:6      | Killed from afar by Maggie

Illustrated notes

Levels and vault maps discovered:
D:1:      eino_arrival_water_star, layout_rooms
D:2:      layout_rooms, serial_shops, shop_fountains, uniq_jessica
D:3:      layout_basic, mainiacjoe_overflow_boulevard, demons_altar
D:4:      layout_rooms, minmay_temple_entry_mist
D:5:      layout_gridville, yredelemnul_forgotten_temple_becter, serial_shops,
          shop, amcnicky_mini_pool_small, uniq_sigmund, uniq_grinder
D:6:      layout_loops_ring, serial_shops, shop, uniq_maggie,
          uniq_crazy_yiuf_cottage, uniq_edmund

Skill      XL: |  1  2  3  4  5  6  7  8 |
---------------+-------------------------+-----
Stealth        | 1 2 3 |  3.0
Fighting       | 3 4 |  4.0
Dodging        | 3 4 |  4.0
Short Blades   | 3 4 |  4.0
Axes           | 2 5 6 |  6.0
Armour         | 3 |  3.2
Throwing       | |  1.7

Action                   |  1- 3 |  4- 6 |  7- 9 || total
-------------------------+-------+-------+-------++-------
Melee: Rapier            |    86 |    91 |       ||   177
       Punch             |     1 |       |     2 ||     3
       Hand axe          |       |    17 |   118 ||   135
Throw: Throwing net      |       |     1 |     4 ||     5
       Javelin           |       |     1 |       ||     1
  Use: Scroll            |     6 |     9 |     4 ||    19
       Potion            |       |       |     2 ||     2
 Stab: Sleeping          |     4 |     5 |     3 ||    12
       Held in net/web   |       |       |     1 ||     1
Armor: Leather armour    |    26 |    35 |    28 ||    89
Dodge: Dodged            |    65 |    84 |    57 ||   206
Block: Other             |       |    14 |    18 ||    32

Table legend: (Time is in decaauts)
 A = Elapsed time spent in this place.
 B = Non-inter-level travel time spent in this place.
 C = Inter-level travel time spent in this place.
 D = Time resting spent in this place.
 E = Time spent auto-exploring this place.
 F = Levels seen in this place.
 G = Mean time per level.
                   A        B        C        D        E       F      G
               +--------+--------+--------+--------+--------+-----+--------+
         Total |   4961 |   4809 |    152 |   1004 |   2859 |   6 |  826.8 |
       Dungeon |   4961 |   4809 |    152 |   1004 |   2859 |   6 |  826.8 |
               +--------+--------+--------+--------+--------+-----+--------+

Top non-repeatable levels by time:
     D:3: 1486 daAuts
     D:5: 1367 daAuts
     D:1: 621 daAuts
     D:4: 562 daAuts
     D:2: 515 daAuts
     D:6: 409 daAuts
